 Dungeon Crawl Stone Soup version 0.31-a0-18-gea43df2a32 (webtiles) character file.

Game seed: 16718324803062739029

88 MisterAzrael the Chopper (level 4, -12/11 (37) HPs)
             Began as a Hill Orc Reaver on May 11, 2023.
             Mangled by an ice beast (14 damage)
             ... on level 3 of the Dungeon on May 12, 2023.
             The game lasted 00:06:32 (2725 turns).

MisterAzrael the Chopper (Hill Orc Reaver)          Turns: 2725, Time: 00:06:33

HP:   -12/11 (37)   AC:  8    Str: 14    XL:     4   Next: 53%
MP:   7/7           EV: 11    Int: 15    God:
Gold: 146           SH:  0    Dex:  9    Spells: 5/8 levels left

rFire   . . .        a - +0 hand axe
rCold   . . .        (no shield)
rNeg    . . .        e - +0 acid dragon scales
rPois   .            g - +2 hat
rElec   .            (no cloak)
rCorr   +            (no gloves)
SInv    .            (no boots)
Will    .....        (no amulet)
Stlth   +            (no ring)
HPRegen 0.21/turn    (no ring)
MPRegen 0.10/turn

%: no passive effects
@: extremely drained
A: no striking features
a: no special abilities


You were on level 3 of the Dungeon.
You visited 1 branch of the dungeon, and saw 3 of its levels.

You collected 146 gold pieces.

Inventory:

Hand Weapons
 a - a +0 hand axe (weapon)
Armour
 b - a +0 leather armour
 e - +0 acid dragon scales (worn)
 g - a +2 hat (worn)
Jewellery
 c - a ring of see invisible
Scrolls
 f - 4 scrolls of identify
 j - a scroll of vulnerability {unknown}
 k - a scroll of magic mapping {unknown}
 m - a scroll of blinking
Potions
 d - a potion of haste {unknown}
 h - a potion of mutation {unknown}
 i - a potion of resistance {unknown}
 l - a potion of invisibility {unknown}


   Skills:
 - Level 2.6 Fighting
 + Level 4.8 Axes
 - Level 1.7 Dodging
 * Level 2.5 Spellcasting
 + Level 3.5 Conjurations


You had 5 spell levels left.
You knew the following spells:

 Your Spells              Type           Power      Damage    Failure   Level
a - Kiss of Death         Conj/Necr      28%        2d7       14%         1
b - Momentum Strike       Conj/Tloc      14%        3d8       22%         2

Your spell library contained the following spells:

 Spells                   Type           Power      Damage    Failure   Level
 Hailstorm                Conj/Ice       7%         3d4       41%         3
 Call Canine Familiar     Summ           1%         N/A       67%         3
 Portal Projectile        Hex/Tloc       2%         N/A       67%         3
 Leda's Liquefaction      Hex/Erth       0%         N/A       97%         4


Dungeon Overview and Level Annotations

Branches:
Dungeon (3/15)

Altars:


Message History

You barely miss the ice beast.
The ice beast is lightly wounded.
The ice beast hits you but does no damage.
You closely miss the ice beast.
The ice beast is lightly wounded.
The ice beast hits you but does no damage.
You closely miss the ice beast.
The ice beast is lightly wounded.
The ice beast barely misses you.
You hit the ice beast but do no damage.
The ice beast is lightly wounded.
The ice beast hits you. The ice beast freezes you!
Ouch! That really hurt!
* * * LOW HITPOINT WARNING * * *
You hit the ice beast but do no damage.
The ice beast is lightly wounded.
The ice beast hits you but does no damage.
You barely miss the ice beast.
The ice beast is lightly wounded.
The ice beast closely misses you.
You hit the ice beast but do no damage.
The ice beast is lightly wounded.
The ice beast hits you but does no damage.
The ice beast misses you.
You barely miss the ice beast.
The ice beast is lightly wounded.
The ice beast barely misses you.
You hit the ice beast but do no damage.
The ice beast is lightly wounded.
The ice beast hits you but does no damage.
You closely miss the ice beast.
The ice beast is lightly wounded.
The ice beast barely misses you.
You closely miss the ice beast.
The ice beast is lightly wounded.
The ice beast hits you.
* * * LOW HITPOINT WARNING * * *
The ice beast freezes you!
Ouch! That really hurt!
You die...

##.##.##
#.#.##.# #.####
#......# #.#
###.#### #.# #+
#.# #.#
#.#########.#
#.#
#...........#
...
##..#######..#
.#.
##..Y#######..#
#...@.##......#
##...###.###.##
##..........#
######.#####
........#
#########


You could see an ice beast.

Vanquished Creatures
  2 adders
  3 worms
  2 dart slugs (D:1)
  3 ball pythons
  3 bats
  6 endoplasms
  4 giant cockroaches
  6 hobgoblins
  4 quokkas
  5 frilled lizards
  5 goblins
  4 kobolds
  7 rats
54 creatures vanquished.

Notes
Turn   | Place    | Note
-------+----------+-------------------------------------------
     0 | D:1      | MisterAzrael the Hill Orc Reaver began the quest for the
                  | Orb.
     0 | D:1      | Reached XP level 1. HP: 18/18 MP: 3/3
    77 | D:1      | Reached XP level 2. HP: 22/24 MP: 4/4
   593 | D:1      | Reached XP level 3. HP: 28/30 MP: 6/6
  1602 | D:2      | Reached XP level 4. HP: 15/31 MP: 7/7
  1889 | D:3      | Noticed an ice beast
  2238 | D:3      | Learned a level 2 spell: Momentum Strike
  2725 | D:3      | Mangled by an ice beast

Illustrated notes

Levels and vault maps discovered:
D:1:      dpeg_arrival_round_b, layout_loops_corners
D:2:      layout_basic
D:3:      layout_loops_corners

Skill      XL: |  1  2 |
---------------+-------+-----
Spellcasting   | 2 |  2.5
Fighting       | |  2.6
Axes           | |  4.8
Dodging        | |  1.7
Conjurations   | |  3.5

Action                     |  1- 3 |  4- 6 || total
---------------------------+-------+-------++-------
  Melee: Hand axe          |   133 |    57 ||   190
   Cast: Kiss of Death     |     3 |     4 ||     7
         Momentum Strike   |       |     1 ||     1
    Use: Scroll            |       |     5 ||     5
 Armour: Leather armour    |     1 |       ||     1
         Acid dragon scale |    41 |    27 ||    68
  Dodge: Dodged            |    65 |    35 ||   100

Table legend: (Time is in decaauts)
 A = Elapsed time spent in this place.
 B = Non-inter-level travel time spent in this place.
 C = Inter-level travel time spent in this place.
 D = Time resting spent in this place.
 E = Time spent auto-exploring this place.
 F = Levels seen in this place.
 G = Mean time per level.
                   A        B        C        D        E       F      G
               +--------+--------+--------+--------+--------+-----+--------+
         Total |   2739 |   2685 |     54 |     81 |   1949 |   3 |  913.0 |
       Dungeon |   2739 |   2685 |     54 |     81 |   1949 |   3 |  913.0 |
               +--------+--------+--------+--------+--------+-----+--------+

Top non-repeatable levels by time:
     D:1: 1050 daAuts
     D:2: 848 daAuts
     D:3: 840 daAuts
